 Dungeon Crawl Stone Soup version 0.26-a0-854-gdc81c2f471 (webtiles) character file.

Game seed: 4584519017026963130

27220 iamoutofideas the Grappler (level 13, -9/133 HPs)
             Began as a Troll Hunter on Nov 23, 2020.
             Was the Champion of Okawaru.
             Mangled by a blink frog (17 damage)
             ... on level 3 of the Lair of Beasts.
             The game lasted 00:20:40 (12788 turns).

iamoutofideas the Grappler (Troll Hunter)          Turns: 12788, Time: 00:20:40

Health: -9/133     AC: 14    Str: 27    XL:     13   Next: 3%
Magic:  12/12      EV: 13    Int:  7    God:    Okawaru [******]
Gold:   214        SH:  0    Dex: 10    Spells: 12/12 levels left

rFire    + . .     SeeInvis .     - Unarmed
rCold    + . .     Faith    .   (no shield)
rNeg     + . .     Spirit   .   N - +4 troll leather armour
rPois    .         Reflect  .   n - +2 hat
rElec    .         Harm     .   C - scarf {rC+ rF+}
rCorr    .         Rampage  .   (gloves unavailable)
MR       +....                  (boots unavailable)
Stlth    +.........             v - amulet of regeneration
HPRegen  1.52/turn              a - ring of positive energy
MPRegen  0.13/turn              y - ring of protection from magic

@: no status effects
A: large, unfitting armour, claws 3, regeneration 1, shaggy fur 1, tough skin 3
a: Heroism, Finesse, Renounce Religion


You were on level 3 of the Lair of Beasts.
You worshipped Okawaru.
Okawaru was exalted by your worship.
You visited 3 branches of the dungeon, and saw 16 of its levels.

You collected 859 gold pieces.
You spent 645 gold pieces at shops.

Inventory:

Missiles
 b - 4 silver javelins
 c - 8 large rocks (quivered)
 d - 3 throwing nets
 G - 3 boomerangs of dispersal
 K - 18 atropa-tipped darts
 W - 6 curare-tipped darts
Armour
 j - a +1 robe of fire resistance
 n - a +2 hat (worn)
 B - +0 acid dragon scales
 C - a scarf of resistance (worn)
 J - a +2 robe of positive energy
 N - a +4 troll leather armour (worn)
 Y - a cursed +0 kite shield
Jewellery
 a - a ring of positive energy (left claw)
 h - an uncursed amulet of the acrobat
 u - an uncursed amulet of reflection
 v - an amulet of regeneration (around neck)
 y - a ring of protection from magic (right claw)
 O - an uncursed ring of fire
Wands
 o - a wand of iceblast (27)
 E - a wand of acid (18)
 H - a wand of digging (6)
 P - a wand of paralysis (10)
 R - a wand of enslavement (7)
 U - a wand of flame (12)
Scrolls
 e - 8 scrolls of teleportation
 i - 3 scrolls of blinking
 l - 2 scrolls of amnesia
 m - 14 scrolls of remove curse
 q - 3 scrolls of enchant armour
 t - a scroll of identify
 w - 4 scrolls of fear
 I - a scroll of immolation
 X - a scroll of fog
Potions
 f - 4 potions of berserk rage
 g - 5 potions of lignification
 k - 2 potions of invisibility
 p - 2 potions of cancellation
 r - a potion of magic {unknown}
 s - 5 potions of mutation {unknown}
 x - a potion of flight {unknown}
 z - 4 potions of haste
 A - 7 potions of ambrosia
 D - 4 potions of might
 F - 3 potions of curing
 L - 3 potions of resistance
 M - 2 potions of heal wounds


   Skills:
 * Level 9.9 Fighting
 - Level 7.0 Throwing
 - Level 0.7 Armour
 + Level 9.9 Dodging
 - Level 0.3 Stealth
 * Level 1.3 Shields
 + Level 13.2 Unarmed Combat


You had 12 spell levels left.
You didn't know any spells.
Your spell library contained the following spells:

 Spells                   Type           Power        Failure   Level
 Corona                   Hex            #......      45%         1
 Magic Dart               Conj           #...         45%         1
 Blink                    Tloc           N/A          61%         2
 Call Imp                 Summ           #.......     61%         2
 Ensorcelled Hibernation  Hex/Ice        #.....       61%         2
 Slow                     Hex            #.......     61%         2
 Confusing Touch          Hex            #.......     83%         3
 Conjure Flame            Conj/Fire      #.......     83%         3
 Dazzling Flash           Conj/Hex       #.....       83%         3
 Gell's Gravitas          Tloc           #.........   83%         3
 Mephitic Cloud           Conj/Pois/Air  #.......     83%         3
 Tukima's Dance           Hex            #.......     83%         3
 Petrify                  Tmut/Erth      #.......     99%         4
 Metabolic Englaciation   Hex/Ice        #.........   100%        5
 Yara's Violent Unravell  Hex/Tmut       #.........   100%        5


Dungeon Overview and Level Annotations

Branches:
Dungeon (12/15)            Temple (1/1) D:7            Lair (3/6) D:11
 Spider (0/4) Lair:3          Orc (0/2) D:12
  Swamp: Lair:2-4    Shoals: Lair:2-4

Altars:
Ashenzari
Cheibriados
Dithmenos
Elyvilon
Fedhas
Gozag
Hepliaklqana
Kikubaaqudgha
Makhleb
Nemelex Xobeh
Okawaru
Qazlal
Ru
Sif Muna
Trog
Uskayaw
Vehumet
Wu Jian
Xom
Yredelemnul
Zin
The Shining One
Beogh

Shops:
D:6 (*!   D:10 [

Annotations:
D:7 3 runed translucent doors, Qwerk's ghost, novice DEAE


Innate Abilities, Weirdness & Mutations

You are too large for most types of armour.
You have claws for hands.
Your natural rate of healing is unusually fast.
You are covered in fur. (AC +1)
You have extremely tough skin. (AC +3)


Message History

The blink frog barely misses you. The blink frog hits you!
The bullfrog hits you but does no damage.
You closely miss the blink frog.
The blink frog is moderately wounded.
The blink frog closely misses you. The blink frog hits you!
* * * LOW HITPOINT WARNING * * *
You barely miss the blink frog. Your claw misses the blink frog.
The blink frog is moderately wounded.
The blink frog barely misses you. The blink frog closely misses you. x2
The blink frog hits you!
* * * LOW HITPOINT WARNING * * *
You miss the blink frog.
The blink frog is moderately wounded.
The blink frog closely misses you.
The blink frog blinks!
The blink frog hits you.
* * * LOW HITPOINT WARNING * * *
The blink frog hits you!
* * * LOW HITPOINT WARNING * * *
The blink frog blinks!
The blink frog hits you!
You die...

#.PP.....###
#..........##...8...#
#...........#........
#...........#.8...8.#
##..........##.......#
#...........##...8...
#..........#...F.F.
##.........##F†.#
#..........#@§.#
##..........FF.#.#
#......#..#......# #.≈≈
##.....#......#...##.##.##..≈
#.......#........##........≈
#....†..#.......P...........
#.........>.#...............
#.#...#......#...#...........
###......###.....P...........


You could see 4 blink frogs and a bullfrog.

Vanquished Creatures
  Josephine (D:10)
  Harold (D:10)
  Erica (D:8)
  4 two-headed ogres
  Sonja (Lair:1)
  Pikel (D:8)
  An ugly thing (D:12)
  A cyclops (D:11)
  2 black mambas (Lair:3)
  Psyche (D:10)
  Maggie (Lair:1)
  2 cane toads (Lair:2)
  3 komodo dragons
  A queen bee (D:11)
  5 trolls
  A hornet (D:11)
  5 blink frogs (Lair:2)
  A tarantella (Lair:3)
  Sigmund (D:3)
  4 wraiths (D:10)
  20 yaks
  3 wyverns
  3 basilisks (D:11)
  An acid dragon (D:12)
  10 water moccasins
  A hornet zombie (D:10)
  12 orc warriors
  3 sky beasts
  3 black bears
  4 ice beasts
  4 phantoms
  2 ogres
  2 necrophages (D:10)
  5 wolves
  2 lemures (D:8)
  7 centaurs
  13 bullfrogs
  A gnoll sergeant (D:8)
  A wyvern zombie (D:8)
  3 scorpions
  40 killer bees
  5 howler monkeys
  2 electric eels
  6 wights
  3 bullfrog zombies
  A centaur zombie (D:8)
  2 hounds
  A quasit (D:8)
  17 orc wizards
  5 jellies
  4 bullfrog skeletons
  14 orc priests
  5 centaur skeletons
  3 iguanas
  Natasha (D:3)
  9 worker ants
  A hound skeleton (D:6)
  A worker ant zombie (D:5)
  18 adders
  4 gnolls (D:8)
  3 shadow imps
  A white imp (D:10)
  3 ufetubi
  2 oozes
  2 adder skeletons
  2 adder zombies
  2 dart slugs (D:1)
  3 leopard geckos
  55 orcs
  A ball python (D:1)
  9 bats
  3 giant cockroaches
  8 goblins
  2 hobgoblins (D:1)
  18 jackals
  5 quokkas
  9 frilled lizards
  2 giant cockroach zombies
  A jackal skeleton (D:6)
  7 kobolds
  5 rats
423 creatures vanquished.

Vanquished Creatures (others)
  2 fungi (D:11)
  30 plants
32 creatures vanquished.

Grand Total: 455 creatures vanquished

Notes
Turn   | Place    | Note
-------+----------+-------------------------------------------
     0 | D:1      | iamoutofideas the Troll Hunter began the quest for the Orb.
     0 | D:1      | Reached XP level 1. HP: 19/19 MP: 0/0
    23 | D:1      | Reached skill level 1 in Unarmed Combat
   123 | D:1      | Reached XP level 2. HP: 23/27 MP: 1/1
   124 | D:1      | Reached skill level 2 in Unarmed Combat
   422 | D:1      | Reached XP level 3. HP: 33/33 MP: 2/2
   642 | D:2      | Reached skill level 3 in Unarmed Combat
   855 | D:2      | Reached XP level 4. HP: 14/41 MP: 3/3
  1026 | D:2      | Reached skill level 4 in Unarmed Combat
  1648 | D:3      | Noticed Sigmund
  1662 | D:3      | Killed Sigmund
  1663 | D:3      | Reached skill level 5 in Unarmed Combat
  1663 | D:3      | Reached XP level 5. HP: 32/48 MP: 4/4
  1663 | D:3      | Reached XP level 6. HP: 37/55 MP: 5/5
  1665 | D:3      | Reached skill level 6 in Unarmed Combat
  2150 | D:3      | Noticed Natasha
  2160 | D:3      | Killed Natasha
  2414 | D:4      | Noticed an ice beast
  2422 | D:4      | Killed an ice beast
  2634 | D:4      | Reached skill level 7 in Unarmed Combat
  2685 | D:4      | Found a white marble altar of Elyvilon.
  2719 | D:4      | Reached XP level 7. HP: 61/62 MP: 6/6
  3079 | D:5      | Entered Level 5 of the Dungeon
  3154 | D:5      | Found a sparkling altar of Nemelex Xobeh.
  3208 | D:5      | Reached skill level 8 in Unarmed Combat
  3749 | D:5      | Reached skill level 9 in Unarmed Combat
  3764 | D:5      | Reached XP level 8. HP: 60/70 MP: 7/7
  3837 | D:6      | Found Xerodao's Distillery.
  3840 | D:6      | Bought a potion of heal wounds for 75 gold pieces
  3840 | D:6      | Bought 2 potions of curing for 90 gold pieces
  3914 | D:6      | Reached skill level 10 in Unarmed Combat
  3928 | D:6      | Found Ahiysyss's Weapon Shoppe.
  4029 | D:6      | Found a shimmering blue altar of Sif Muna.
  4183 | D:6      | Found Hausk's Assorted Antiques.
  4196 | D:6      | Reached skill level 11 in Unarmed Combat
  4424 | D:7      | Found a runed translucent gate.
  4424 | D:7      | Found a runed translucent gate.
  4424 | D:7      | Found a runed translucent gate.
  4424 | D:7      | Noticed a two-headed ogre
  4428 | D:7      | Killed a two-headed ogre
  4428 | D:7      | Noticed Qwerk's ghost (novice DEAE)
  4429 | D:7      | Reached skill level 12 in Unarmed Combat
  4429 | D:7      | Reached XP level 9. HP: 71/76 MP: 8/8
  4509 | D:7      | Found a staircase to the Ecumenical Temple.
  4566 | Temple   | Entered the Ecumenical Temple
  4728 | Temple   | Became a worshipper of Warmaster Okawaru
  4983 | D:7      | Reached skill level 13 in Unarmed Combat
  5170 | D:8      | Noticed Erica
  5579 | D:8      | Killed Erica
  5579 | D:8      | Reached * piety under Okawaru
  5580 | D:8      | Reached XP level 10. HP: 40/91 MP: 9/9
  5836 | D:7      | Reached ** piety under Okawaru
  6008 | D:8      | Noticed Pikel
  6049 | D:8      | Killed Pikel
  6128 | D:8      | Noticed a two-headed ogre
  6296 | D:7      | Killed a two-headed ogre
  6373 | D:8      | Reached skill level 5 in Fighting
  6373 | D:8      | Reached skill level 5 in Dodging
  6848 | D:9      | Reached *** piety under Okawaru
  7365 | D:9      | Noticed a two-headed ogre
  7372 | D:9      | Killed a two-headed ogre
  7372 | D:9      | Reached **** piety under Okawaru
  7373 | D:9      | Reached XP level 11. HP: 89/105 MP: 10/10
  7471 | D:10     | Entered Level 10 of the Dungeon
  7658 | D:10     | Noticed Josephine
  7680 | D:10     | Killed Josephine
  7680 | D:10     | Received a gift from Okawaru
  7738 | D:10     | Received a gift from Okawaru
  7959 | D:10     | Found Pixidedu's Armour Shop.
  8189 | D:10     | Noticed Harold
  8195 | D:10     | Killed Harold
  8208 | D:10     | Noticed Psyche
  8212 | D:10     | Killed Psyche
  8212 | D:10     | Reached ***** piety under Okawaru
  8470 | D:11     | Received a gift from Okawaru
  8503 | D:11     | Received a gift from Okawaru
  8741 | D:11     | Found a staircase to the Lair.
  8779 | D:11     | Paralysed by a hornet for 1 turns
  9260 | D:12     | Reached XP level 12. HP: 122/122 MP: 11/11
  9476 | D:12     | Found a staircase to the Orcish Mines.
  9540 | D:12     | Received a gift from Okawaru
  9738 | D:12     | Noticed a two-headed ogre
  9742 | D:12     | Killed a two-headed ogre
  9798 | D:12     | Found a roughly hewn altar of Beogh.
 10097 | Lair:1   | Entered Level 1 of the Lair of Beasts
 10336 | D:6      | Bought a potion of haste for 150 gold pieces
 10336 | D:6      | Bought a potion of resistance for 150 gold pieces
 10336 | D:6      | Bought a potion of berserk rage for 75 gold pieces
 10336 | D:6      | Bought a potion of might for 60 gold pieces
 10336 | D:6      | Bought a potion of lignification for 45 gold pieces
 10625 | Lair:1   | Noticed Sonja
 10681 | Lair:1   | Noticed Maggie
 10689 | Lair:1   | Killed Maggie
 10690 | Lair:1   | Reached skill level 5 in Throwing
 10710 | Lair:1   | Received a gift from Okawaru
 10829 | Lair:1   | Killed Sonja
 11873 | Lair:2   | Reached ****** piety under Okawaru
 12014 | Lair:2   | Received a gift from Okawaru
 12205 | Lair:2   | Reached skill level 1 in Shields
 12677 | Lair:3   | Received a gift from Okawaru
 12688 | Lair:3   | Found a hole to the Spider Nest.
 12747 | Lair:3   | Reached XP level 13. HP: 121/133 MP: 12/12
 12788 | Lair:3   | Mangled by a blink frog

Illustrated notes

Levels and vault maps discovered:
D:1:      saegor_arrival_simple_b, layout_basic, minmay_misc_feat_iff,
          minmay_misc_feat_tiny
D:2:      layout_loops_corners, minmay_tiny_reverse_x
D:3:      layout_loops_corners, uniq_natasha, uniq_sigmund
D:4:      layout_basic, elyvilon_altar_1
D:5:      layout_basic, nemelex_xobeh_ov_fountains_minmay
D:6:      kennysheep_orc_sif_temple, layout_cave_pools, serial_shops,
          kennysheep_little_box, nicolae_shop_overgrown_old_shop,
          nicolae_shop_behind_doors
D:7:      layout_rooms, minmay_temple_entry_mini_moons,
          ebering_ghost_rock_garden, grunt_ministairs_9, dk_noncrumbling_4
D:8:      layout_rooms, uniq_pikel, uniq_erica
D:9:      layout_gridville
D:10:     layout_loops_corners, serial_shops, shop, uniq_josephine, uniq_harold,
          uniq_psyche
D:11:     layout_roguey [special_room_bee], minmay_lair_entry_grove,
          small_statue_intersection, kennysheep_generic_room_12
D:12:     layout_roguey, minmay_orc_entry_temple_small, special_room
          [special_room_orc]
Temple:   kilobyte_greek_temple
Lair:1:   layout_cave_pods, nicolae_quartered_pool_super, uniq_sonja,
          uniq_maggie
Lair:2:   layout_regular_city
Lair:3:   layout_gridlike, elwin_shoals_entry_rooms, spider_nest_entry_rubble,
          grunt_megastairs_4, infiniplex_staircase_pool_2

Skill      XL: |  1  2  3  4  5  6  7  8  9 10 11 12 |
---------------+-------------------------------------+-----
Unarmed Combat | 1 2 3 5 7 9 12 13 | 13.2
Throwing       | 4 7 |  7.0
Fighting       | 3 6 8 9 |  9.9
Dodging        | 3 6 8 9 |  9.9
Shields        | 1 |  1.3
Armour         | |  0.7
Stealth        | |  0.3

Action                   |  1- 3 |  4- 6 |  7- 9 | 10-12 | 13-15 || total
-------------------------+-------+-------+-------+-------+-------++-------
Melee: Unarmed           |   103 |   112 |   269 |   806 |    14 ||  1304
       Punch             |       |     2 |     9 |    43 |     3 ||    57
Throw: Large rock        |       |       |       |     6 |       ||     6
       Throwing net      |       |       |       |     2 |       ||     2
       Boomerang         |       |       |       |     2 |       ||     2
       Dart              |       |       |       |     5 |       ||     5
Invok: Heroism           |       |       |       |     3 |       ||     3
  Use: Scroll            |       |     3 |       |    22 |       ||    25
       Potion            |       |       |     1 |     7 |       ||     8
 Stab: Sleeping          |     1 |       |       |       |       ||     1
       Distracted        |       |       |     1 |       |       ||     1
Armor: Robe              |    42 |    34 |    87 |   119 |       ||   282
       Troll leather arm |       |       |       |   216 |    10 ||   226
       Acid dragon scale |       |       |       |    25 |       ||    25
Dodge: Dodged            |    71 |    47 |   141 |   564 |    23 ||   846
Block: Other             |       |    18 |       |       |       ||    18
       Reflection        |       |     1 |       |       |       ||     1

Table legend: (Time is in decaauts)
 A = Elapsed time spent in this place.
 B = Non-inter-level travel time spent in this place.
 C = Inter-level travel time spent in this place.
 D = Time resting spent in this place.
 E = Time spent auto-exploring this place.
 F = Levels seen in this place.
 G = Mean time per level.
                   A        B        C        D        E       F      G
               +--------+--------+--------+--------+--------+-----+--------+
         Total |  12579 |  11550 |   1029 |   1120 |   7794 |  16 |  786.2 |
       Dungeon |  10254 |   9393 |    861 |    972 |   6192 |  12 |  854.5 |
        Temple |    199 |    139 |     60 |      0 |    135 |   1 |  199.0 |
          Lair |   2126 |   2019 |    107 |    148 |   1467 |   3 |  708.7 |
               +--------+--------+--------+--------+--------+-----+--------+

Top non-repeatable levels by time:
     D:7: 1446 daAuts
  Lair:1: 1100 daAuts
    D:11: 1084 daAuts
    D:10: 982 daAuts
     D:2: 907 daAuts
     D:3: 860 daAuts
  Lair:2: 836 daAuts
     D:9: 801 daAuts
    D:12: 800 daAuts
     D:5: 707 daAuts
     D:8: 691 daAuts
     D:6: 678 daAuts
     D:4: 662 daAuts
     D:1: 630 daAuts
  Temple: 199 daAuts
